 Dungeon Crawl Stone Soup version 0.27.1-33-g824d729ab1 (webtiles) character file.

Game seed: 10877373715904189252

5667 Atelerd the Geomancer (level 10, -5/56 HPs)
             Began as an Octopode Earth Elementalist on Dec 22, 2021.
             Was a Believer of Sif Muna.
             Slain by a slime creature (14 damage)
             ... on level 10 of the Dungeon.
             The game lasted 00:13:36 (10688 turns).

Atelerd the Geomancer (OpEE)                       Turns: 10688, Time: 00:13:38

Health: -5/56      AC:  5    Str:  8    XL:     10   Next: 75%
Magic:  16/29      EV: 15    Int: 20    God:    Sif Muna [**....]
Gold:   454        SH:  0    Dex: 19    Spells: 5/22 levels left

rFire    . . .     SeeInvis .   N - +2 dagger (flame)
rCold    . . .     Faith    .   (no shield)
rNeg     . . .     Spirit   .   (helmet restricted)
rPois    .         Reflect  .   r - amulet of the acrobat
rElec    .         Harm     .   d - +4 ring of protection
rCorr    .         Rampage  .   e - +6 ring of dexterity
Will     .....                  s - ring of magical power
Stlth    +++++.....             u - ring of wizardry
HPRegen  0.18/turn              (no ring)
MPRegen  0.21/turn              (no ring)
                                (no ring)
                                (no ring)

@: no status effects
A: almost no armour, amphibious, 8 rings, camouflage 1, gelatinous body 1,
(nimble swimmer 1), tentacles
a: Renounce Religion, Channel Magic


You were on level 10 of the Dungeon.
You worshipped Sif Muna.
Sif Muna was pleased with you.
You visited 2 branches of the dungeon, and saw 11 of its levels.

You collected 538 gold pieces.
You spent 84 gold pieces at shops.

Inventory:

Hand Weapons
 j - a +0 dagger
 y - a +1 scimitar of holy wrath
 G - the +10 hand axe "Faomung" {holy, +Rage rElec Will-}
   (You found it on level 7 of the Dungeon)

   It has been blessed by the Shining One to cause great damage to the undead
   and demons.
   rElec:     It insulates you from electricity.
   +Rage:     It lets you go berserk.
   Will:      It decreases your willpower.
 I - a +2 dagger of protection
 J - the +0 long sword of Sunlight {vorpal, rF- rC+ Dex+4}
   (You found it on level 8 of the Dungeon)

   It inflicts extra damage upon your enemies.
   Dex:       It affects your dexterity (+4).
   rF:        It makes you vulnerable to fire.
   rC:        It protects you from cold.
 N - a +2 dagger of flaming (weapon)
Missiles
 B - 69 stones
Jewellery
 d - a +4 ring of protection (left tentacle)
 e - a +6 ring of dexterity (right tentacle)
 o - a ring of fire
 r - an amulet of the acrobat (around mantle)
 s - a ring of magical power (on tentacle)
 u - a ring of wizardry (on tentacle)
 x - an amulet of regeneration
Wands
 c - a wand of flame (33)
 n - a wand of digging (8)
 q - a wand of charming (17)
 F - a wand of paralysis (11)
Scrolls
 b - a scroll of vulnerability {unknown}
 i - 2 scrolls of noise
 l - a scroll of immolation
 p - 2 scrolls of fog {unknown}
 w - 3 scrolls of magic mapping {unknown}
 z - a scroll of brand weapon
 C - a scroll of teleportation
 E - a scroll of blinking
 H - a scroll of amnesia {unknown}
 K - 2 scrolls of enchant armour
 O - a scroll of identify
Potions
 a - 8 potions of curing
 f - a potion of berserk rage {unknown}
 g - 2 potions of attraction
 h - a potion of degeneration
 k - a potion of lignification {unknown}
 m - 2 potions of resistance {unknown}
 t - 2 potions of haste
 v - a potion of ambrosia {unknown}
 A - a potion of brilliance {unknown}
 D - 3 potions of flight {unknown}
 L - a potion of might {unknown}
 M - a potion of heal wounds


   Skills:
 - Level 2.0 Short Blades
 - Level 4.0 Dodging
 - Level 8.0 Stealth
 + Level 6.9 Spellcasting
 - Level 5.0 Conjurations
 - Level 2.0 Transmutations
 - Level 10.0 Earth Magic
 - Level 6.0 Invocations


You had 5 spell levels left.
You knew the following spells:

 Your Spells              Type           Power      Damage    Failure   Level
a - Sandblast             Erth           92%        2d19      1%          1
b - Stone Arrow           Conj/Erth      72%        3d11      1%          3
c - Summon Ice Beast      Ice/Summ       6%         N/A       34%         4
d - Iskenderun's Battles  Conj           26%        2d8       14%         5
p - Petrify               Tmut/Erth      30%        N/A       3%          4

Your spell library contained the following spells:

 Spells                   Type           Power      Damage    Failure   Level
 Foxfire                  Conj/Fire      64%        2x1d7     1%          1
 Passwall                 Tmut/Erth      25%        N/A       1%          2
 Animate Skeleton         Necr           12%        N/A       4%          1
 Pain                     Necr           24%        1d5       4%          1
 Conjure Flame            Conj/Fire      16%        6-21      4%          3
 Corpse Rot               Necr/Air       N/A        N/A       6%          2
 Ensorcelled Hibernation  Hex/Ice        12%        N/A       6%          2
 Poisonous Vapours        Pois/Air       12%        N/A       6%          2
 Spider Form              Tmut/Pois      5%         N/A       8%          3
 Frozen Ramparts          Ice            12%        1d3       12%         3
 Inner Flame              Hex/Fire       6%         N/A       12%         3
 Vampiric Draining        Necr           3%         2d6       12%         3
 Ice Form                 Ice/Tmut       10%        N/A       26%         4
 Olgreb's Toxic Radiance  Pois           6%         N/A       34%         4
 Freezing Cloud           Conj/Ice/Air   6%         6-21      45%         5
 Iron Shot                Conj/Erth      18%        9d4       26%         6
 Shadow Creatures         Summ           N/A        N/A       99%         6
 Ozocubu's Refrigeration  Ice            3%         4d5       100%        7
 Spellforged Servitor     Conj/Summ      8%         N/A       100%        7
 Ignition                 Fire           3%         3d4       100%        8
 Lehudib's Crystal Spear  Conj/Erth      18%        10d5      100%        8
 Animate Armour           Summ/Erth      Unusable   N/A       N/A         4

Dungeon Overview and Level Annotations

Branches:
Dungeon (10/15)            Temple (1/1) D:4             Orc (0/2) D:9
   Lair: D:8-11

Altars:
Ashenzari
Cheibriados
Dithmenos
Gozag
Kikubaaqudgha
Makhleb
Okawaru
Qazlal
Ru
Sif Muna
Trog
Uskayaw
Vehumet
Wu Jian
Xom
Yredelemnul
Zin
The Shining One

Shops:
D:4 (   D:10 *

Annotations:
D:3 exclusion: downstairs
D:5 3 runed translucent doors, Destapler's ghost, novice TrBe; Stajl's ghost, novice TrFi; gildax's ghost, amateur DjWz; kalagan's ghost, weakling DECj
D:6 exclusion: downstairs


Innate Abilities, Weirdness & Mutations

You cannot wear most types of armour.
You are amphibious.
You can wear up to eight rings at the same time.
Your skin changes colour to match your surroundings (Stealth+).
Your rubbery body absorbs attacks. (AC +1, EV +1)
((You are camouflaged near water. (Stealth+)))
You have tentacles for arms and can constrict up to eight enemies at once.


Message History

Unknown command.
You are too injured to fight recklessly!
You are too injured to fight recklessly!
Casting: Sandblast (safe; 1% risk of failure)
Confirm with . or Enter, or press ? or * to list all spells.
Aiming: Sandblast (safe; 1% risk of failure)
Press: ? - help, Shift-Dir - straight line, f - centaur
Aim: a centaur, quivering arrows (moderately wounded, 90% to hit)
The blast of sand hits the centaur!
The centaur is severely wounded.
The centaur hits you but does no damage.
The centaur misses you.
Unknown command.
Casting: Sandblast (safe; 1% risk of failure)
Confirm with . or Enter, or press ? or * to list all spells.
Aiming: Sandblast (safe; 1% risk of failure)
Press: ? - help, Shift-Dir - straight line, f/p - centaur
Aim: a centaur, quivering arrows (severely wounded, 90% to hit)
The blast of sand hits the centaur!
You kill the centaur!
Sif Muna accepts your kill.
Unknown command.
Casting: Sandblast (safe; 1% risk of failure)
Confirm with . or Enter, or press ? or * to list all spells.
Aiming: Sandblast (safe; 1% risk of failure)
Press: ? - help, Shift-Dir - straight line, f - slime creature
Aim: a slime creature (96% to hit)
The blast of sand hits the slime creature!
The slime creature is moderately wounded.
The slime creature hits you!
* * * LOW HITPOINT WARNING * * *
Casting: Sandblast (safe; 1% risk of failure)
Confirm with . or Enter, or press ? or * to list all spells.
Aiming: Sandblast (safe; 1% risk of failure)
Press: ? - help, Shift-Dir - straight line, f/p - slime creature
Aim: a slime creature (moderately wounded, 96% to hit)
The blast of sand hits the slime creature!
The slime creature is moderately wounded.
The slime creature hits you!
You die...

#........# ###'#### #
####'##### #...# # #.# #.###
## ####.# #.# #. #....#
####'####### #. ###'#####
#..........# #.
#.......#####..........# ###.
#.......'.).#..........###.'.
#.....J.###J@..........'...#.
#.......# ###..........#####.
+.....J.# #..........# #.
#.......# ##+######### #.
####..### ## #.J## ##.
#>.....J....# #..
#.......J...# #..
...........J..# ####..


You could see a slime creature.

Vanquished Creatures
  A two-headed ogre (D:10)
  A slime creature (D:10)
  A hornet (D:8)
  Grinder (D:6)
  A vampire (D:7)
  2 wyverns
  Eustachio (D:6)
  A steam dragon (D:7)
  A water moccasin (D:6)
  2 ice beasts
  3 orc warriors
  2 black bears
  5 necrophages
  3 ogres
  5 centaurs
  2 gnoll sergeants
  2 bullfrogs (D:7)
  3 scorpions
  A wyvern skeleton (D:7)
  5 wights (D:9)
  A howler monkey (D:8)
  A crimson imp (D:5)
  A jelly (D:5)
  3 hounds
  6 orc priests
  2 centaur zombies (D:9)
  2 bullfrog skeletons
  Ijyb (D:4)
  An iguana (D:5)
  4 orc wizards
  2 killer bee zombies
  A hound zombie (D:5)
  A hound skeleton (D:4)
  3 howler monkey zombies
  A mummy (D:8)
  22 gnolls
  4 adders
  A white imp (D:6)
  A worm (D:3)
  3 dart slugs
  21 orcs
  6 bats
  5 endoplasms
  4 giant cockroaches
  5 hobgoblins
  3 jackals (D:3)
  5 kobolds
  A quokka (D:5)
  5 ball pythons
  2 frilled lizards
  8 goblins
  A goblin skeleton (D:5)
  3 hobgoblin zombies (D:5)
  3 kobold zombies (D:5)
  An orc skeleton (D:5)
  6 rats
183 creatures vanquished.

Vanquished Creatures (others)
  An orc wizard (D:9)
  6 plants
  2 withered plants (D:5)
9 creatures vanquished.

Grand Total: 192 creatures vanquished

Notes
Turn   | Place    | Note
-------+----------+-------------------------------------------
     0 | D:1      | Atelerd the Octopode Earth Elementalist began the quest for
                  | the Orb.
     0 | D:1      | Reached XP level 1. HP: 11/11 MP: 3/3
   144 | D:1      | Reached XP level 2. HP: 17/17 MP: 3/5
   195 | D:1      | Found a faded altar of an unknown god.
   720 | D:2      | Reached XP level 3. HP: 16/21 MP: 2/7
   764 | D:2      | Reached XP level 4. HP: 8/27 MP: 1/8
  1691 | D:3      | Found an ornate altar of the Wu Jian Council.
  2052 | D:3      | Reached XP level 5. HP: 16/31 MP: 7/10
  2424 | D:3      | Noticed a necrophage
  2758 | D:4      | Found Suhiz's Antique Weapon Emporium.
  2926 | D:4      | Reached skill level 4 in Earth Magic
  3064 | D:4      | Noticed Ijyb
  3083 | D:4      | Killed Ijyb
  3084 | D:4      | Reached XP level 6. HP: 17/36 MP: 5/12
  3358 | D:4      | Learned a level 4 spell: Petrify
  3557 | D:4      | Found a staircase to the Ecumenical Temple.
  3682 | Temple   | Entered the Ecumenical Temple
  3699 | Temple   | Became a worshipper of Sif Muna the Loreminder
  3733 | D:4      | Noticed a necrophage
  3739 | D:4      | Killed a necrophage
  3740 | D:4      | Reached skill level 5 in Spellcasting
  3740 | D:4      | Reached skill level 5 in Earth Magic
  3957 | D:5      | Entered Level 5 of the Dungeon
  3965 | D:5      | Reached XP level 7. HP: 41/41 MP: 8/14
  4253 | D:5      | Reached skill level 6 in Earth Magic
  4592 | D:5      | Reached skill level 7 in Earth Magic
  4680 | D:5      | Reached XP level 8. HP: 42/46 MP: 15/15
  4709 | D:5      | Noticed a +0 dagger
  4709 | D:5      | Noticed a +0 hand axe
  4713 | D:5      | Found a hide-covered altar of Uskayaw.
  4728 | D:5      | Learned a level 3 spell: Stone Arrow
  4947 | D:5      | Reached skill level 8 in Earth Magic
  5194 | D:5      | Found a glowing golden altar of the Shining One.
  5312 | D:5      | Reached * piety under Sif Muna
  5331 | D:5      | Found a runed translucent gate.
  5331 | D:5      | Found a runed translucent gate.
  5331 | D:5      | Noticed Destapler's ghost (novice TrBe)
  5331 | D:5      | Noticed gildax's ghost (amateur DjWz)
  5332 | D:5      | Found a runed translucent gate.
  5332 | D:5      | Noticed Stajl's ghost (novice TrFi)
  5332 | D:5      | Noticed kalagan's ghost (weakling DECj)
  5517 | D:6      | Found a broken altar of Ashenzari.
  5976 | D:6      | Reached skill level 9 in Earth Magic
  6006 | D:6      | Reached skill level 1 in Short Blades
  6147 | D:6      | Reached skill level 1 in Invocations
  6338 | D:6      | Found a glowing silver altar of Zin.
  6409 | D:6      | Noticed Grinder
  6421 | D:6      | Killed Grinder
  6422 | D:6      | Reached XP level 9. HP: 51/51 MP: 2/16
  6553 | D:6      | Noticed Eustachio
  6556 | D:6      | Reached skill level 5 in Stealth
  6563 | D:6      | Killed Eustachio
  6821 | D:7      | Identified the +10 hand axe "Faomung" {holy, +Rage rElec
                  | Will-}
  7097 | D:7      | Reached ** piety under Sif Muna
  7269 | D:7      | Reached skill level 10 in Earth Magic
  7328 | D:7      | Reached skill level 1 in Conjurations
  7764 | D:8      | Identified the +0 long sword of Sunlight {vorpal, rF- rC+
                  | Dex+4}
  8153 | D:8      | Reached skill level 5 in Invocations
  8153 | D:8      | Reached XP level 10. HP: 32/56 MP: 15/18
  8959 | D:8      | Found a snail-covered altar of Cheibriados.
  9263 | D:9      | Learned a level 4 spell: Summon Ice Beast
  9269 | D:9      | Learned a level 5 spell: Iskenderun's Battlesphere
  9538 | D:9      | Found a staircase to the Orcish Mines.
  9903 | D:9      | Found a radiant altar of Vehumet.
 10086 | D:9      | Found a burning altar of Makhleb.
 10151 | D:10     | Entered Level 10 of the Dungeon
 10162 | D:10     | Found Kirul's Assorted Antiques.
 10164 | D:10     | Noticed a two-headed ogre
 10175 | D:10     | Killed a two-headed ogre
 10215 | D:10     | Bought a scroll labelled UJUIDA QIAVI for 30 gold pieces
 10215 | D:10     | Bought a bubbling grey potion for 27 gold pieces
 10215 | D:10     | Bought a glowing purple potion for 27 gold pieces
 10683 | D:10     | Reached skill level 5 in Conjurations
 10688 | D:10     | Slain by a slime creature

Illustrated notes

Levels and vault maps discovered:
D:1:      minmay_arrival_up_and_down, layout_rooms,
          dreamdust_ecumenical_altar_statues
D:2:      layout_basic
D:3:      layout_loops_ring, lemuel_round_altar, lightli_corner_chamber
D:4:      layout_rooms, minmay_temple_entry_trees, serial_shops,
          nicolae_shop_overgrown_old_shop, minmay_misc_feat_chi,
          corner_web_ring, roderic_roman_lattice, uniq_ijyb
D:5:      layout_basic, nicolae_tso_besieged_by_evil, dancing_weapons_uskayaw,
          gammafunk_ghost_cemetery, minmay_fractal_squares_gapless_5
D:6:      layout_basic, lemuel_coloured_pillars_altar,
          cheibrodos_ashenzari_chains, minmay_holes, uniq_grinder,
          uniq_eustachio
D:7:      layout_cave_pools, nicolae_elyvilon_temple_path,
          nemelex_dance_club_becter, kennysheep_generic_room_16
D:8:      layout_layer_cave, slow_altar_2
D:9:      layout_rooms, vehumet_altar_wand_db, mainiacjoe_overflow_alcove_2,
          orc_0_dummy
D:10:     layout_roguey, serial_shops, nicolae_shop_stone
Temple:   nicolae_temple_x_marks_the_god

Skill      XL: |  1  2  3  4  5  6  7  8  9 10 |
---------------+-------------------------------+-----
Spellcasting   | 3 4 5 6 |  6.9
Transmutations | 2 |  2.0
Earth Magic    | 4 5 7 9 10 | 10.0
Stealth        | 4 6 8 |  8.0
Short Blades   | 2 |  2.0
Invocations    | 1 5 6 |  6.0
Dodging        | 4 |  4.0
Conjurations   | 2 5 |  5.0

Action                   |  1- 3 |  4- 6 |  7- 9 | 10-12 || total
-------------------------+-------+-------+-------+-------++-------
Melee: Unarmed           |    17 |     9 |       |       ||    26
       Constrict         |     6 |    11 |    19 |     7 ||    43
       Tentacles         |     4 |    13 |    29 |     6 ||    52
       Dagger            |       |    39 |    79 |    34 ||   152
 Cast: Sandblast         |    27 |    75 |    61 |    54 ||   217
       Petrify           |       |       |    29 |    11 ||    40
       Stone Arrow       |       |       |    62 |       ||    62
Evoke: Wand              |       |       |     1 |       ||     1
  Use: Potion            |       |     1 |     2 |       ||     3
       Scroll            |       |       |       |     9 ||     9
 Stab: Sleeping          |       |     3 |     3 |     3 ||     9
       Petrified         |       |       |    31 |    16 ||    47
       Petrifying        |       |       |     2 |       ||     2
Armor: Skin              |     4 |    12 |    28 |     7 ||    51
Dodge: Dodged            |    19 |    48 |    80 |    41 ||   188
